 Dungeon Crawl Stone Soup version 0.28-a0-697-g47f3eba078 (webtiles) character file.

Game seed: 7452808469203813507

5578 Twinkles the Fighter (level 11, -3/87 HPs)
             Began as a Human Berserker on Oct 22, 2021.
             Was a Believer of Trog.
             Slain by a death yak (13 damage)
             ... on level 7 of the Dungeon on Oct 23, 2021.
             The game lasted 00:41:37 (12030 turns).

Twinkles the Fighter (Human Berserker)             Turns: 12030, Time: 00:41:37

Health: -3/87      AC: 15    Str: 20    XL:     11   Next: 2%
Magic:  11/11      EV: 10    Int:  8    God:    Trog [**....]
Gold:   267        SH:  0    Dex: 13    Spells: 10/10 levels left

rFire   . . .      SeeInvis .   h - +2 whip (elec)
rCold   . . .      Faith    .   (no shield)
rNeg    . . .      Spirit   .   m - +0 chain mail
rPois   .          Reflect  .   H - +1 helmet
rElec   .          Harm     .   o - +1 cloak
rCorr   .          Rampage  .   (no gloves)
Will    ++...                   (no boots)
Stlth   ..........              (no amulet)
HPRegen 1.24/turn               (no ring)
MPRegen 0.12/turn               (no ring)

@: strong-willed, on berserk cooldown, regenerating, slowed, very slow
A: no striking features
a: Renounce Religion, Berserk, Trog's Hand


You were on level 7 of the Dungeon.
You worshipped Trog.
Trog was pleased with you.
You visited 2 branches of the dungeon, and saw 9 of its levels.

You collected 267 gold pieces.

Inventory:

Hand Weapons
 a - a +0 mace
 c - a +2 whip of freezing
 h - a +2 whip of electrocution (weapon)
 k - a +0 hunting sling
 u - a +2 flail of protection
 x - a +2 falchion of electrocution
Missiles
 g - 40 poisoned darts (quivered)
 j - a curare-tipped dart
 n - 52 sling bullets
 s - 237 stones
Armour
 b - a +0 animal skin
 m - a +0 chain mail (worn)
 o - a +1 cloak (worn)
 p - a +0 ring mail
 H - a +1 helmet (worn)
Jewellery
 l - a ring of see invisible
 r - a +6 ring of intelligence
 y - a ring of resist corrosion
 I - a +6 ring of strength
Wands
 d - a wand of digging (6)
 e - a wand of charming (11)
 i - a wand of iceblast (11)
 q - a wand of flame (20)
Scrolls
 D - a scroll of blinking
 E - a scroll of fear
 F - a scroll of fog
 G - a scroll of amnesia
 K - 3 scrolls of immolation
 O - 2 scrolls of silence
 Z - a scroll of identify
Potions
 f - 2 potions of degeneration
 t - 2 potions of attraction {unknown}
 w - a potion of might {unknown}
 z - 2 potions of lignification {unknown}
 B - 2 potions of brilliance
 J - a potion of curing
 N - 2 potions of heal wounds


   Skills:
 + Level 8.7 Fighting
 + Level 8.5 Maces & Flails
 + Level 8.2 Armour
 - Level 5.6 Dodging
 - Level 5.0 Evocations


You had 10 spell levels left.
You didn't know any spells.
Your spell library was empty.

Dungeon Overview and Level Annotations

Branches:
Dungeon (8/15)             Temple (1/1) D:4            Lair (0/6) D:8

Altars:
Elyvilon
Fedhas
Hepliaklqana
Trog
Yredelemnul
Zin

Shops:
D:6 *

Annotations:
D:2 Sigmund
D:3 Eustachio


Message History

The death yak is almost dead.
The death yak gores you.
You hit the death yak.
The death yak is almost dead.
The death yak snorts and paws the ground.
The death yak bellows!
You hit the death yak.
The death yak is almost dead.
The death yak gores you!
You hit the death yak but do no damage.
The death yak is almost dead.
You hit the death yak.
Lightning courses through the death yak!
You kill the death yak!
Trog accepts your kill.
Your Armour skill increases to level 8!
You have reached level 11!
You feel a strong urge to attack something.
You feel your anger nearly subside.
You are no longer berserk.
You are exhausted.
You feel yourself slow down.
You feel the effects of Trog's Hand fading.
Your skin stops crawling.
You feel less strong-willed.
The death yak gores you but does no damage.
The death yak gores you but does no damage.
There is a stone staircase leading up here.
The death yak gores you! The death yak barely misses you.
You climb upwards.
There is a stone staircase leading down here.
The death yak gores you but does no damage.
The death yak gores you. The death yak gores you!
Your skin crawls.
You feel strong-willed. The death yak gores you!
* * * LOW HITPOINT WARNING * * *
The death yak gores you!
* * * LOW HITPOINT WARNING * * *
The death yak gores you!
You die...

##.#.####.......#
#.###......#....#
#....####.###.#.###
###.#......:....#...#
#.....#####.[##......
#.##.## #..##.[....
#.##.# #..##....<.
#.##.# #..##......
#.##@# #..###.....
#.##Y# #..........
#.##.# #..#####.##
#.##.# #..# #.#
#.##.#### #..# ###.##
#...>...# #..###.....
#.......###..........
#..................##
#.......####.###.####


You could see a death yak.

Vanquished Creatures
  A two-headed ogre (D:8)
  3 death yaks
  Pikel (D:7)
  A water moccasin (D:6)
  An ice beast (D:6)
  An ogre (D:6)
  5 necrophages
  A centaur (D:6)
  A kobold brigand (D:8)
  4 bullfrogs
  A wyvern zombie (D:8)
  3 water moccasin zombies (D:6)
  4 scorpions
  A water moccasin skeleton (D:6)
  10 killer bees
  3 wights
  3 bullfrog zombies
  A centaur zombie (D:7)
  2 jellies
  4 iguanas
  5 orc wizards
  A killer bee zombie (D:6)
  A howler monkey zombie (D:5)
  Robin (D:4)
  A howler monkey skeleton (D:7)
  2 adders
  A shadow imp (D:5)
  An ufetubus (D:5)
  2 dart slugs (D:3)
  19 orcs
  7 ball pythons
  7 endoplasms
  2 giant cockroaches (D:2)
  13 goblins
  10 hobgoblins
  7 jackals (D:1)
  10 kobolds
  3 quokkas
  5 bats
  4 frilled lizards
  4 rats
157 creatures vanquished.

Vanquished Creatures (others)
  A bush (D:6)
  13 plants (D:6)
14 creatures vanquished.

Grand Total: 171 creatures vanquished

Notes
Turn   | Place    | Note
-------+----------+-------------------------------------------
     0 | D:1      | Twinkles the Human Berserker began the quest for the Orb.
     0 | D:1      | Reached XP level 1. HP: 18/18 MP: 1/1
   103 | D:1      | HP: 5/18 [jackal (2)]
   110 | D:1      | HP: 2/27 [jackal (3)]
   112 | D:1      | Reached XP level 2. HP: 4/24 MP: 2/2
   474 | D:1      | Found a faded altar of an unknown god.
   897 | D:1      | Reached XP level 3. HP: 27/29 MP: 3/3
  1568 | D:2      | Noticed Sigmund
  2456 | D:2      | Reached XP level 4. HP: 35/35 MP: 4/4
  2885 | D:2      | Reached ** piety under Trog
  3488 | D:3      | You fall into a shaft and drop 1 floor!
  3515 | D:4      | Found a staircase to the Ecumenical Temple.
  3546 | D:4      | Noticed a scorpion
  3571 | D:3      | Killed a scorpion
  3572 | D:3      | Reached XP level 5. HP: 42/42 MP: 5/5
  3719 | D:4      | Noticed Eustachio
  3857 | D:4      | Noticed Robin
  4321 | D:4      | HP: 12/42 [goblin[Robin] (2)]
  4347 | D:3      | HP: 11/42 [goblin[Robin] (2)]
  5037 | D:4      | Reached XP level 6. HP: 48/48 MP: 6/6
  5045 | D:4      | Killed Robin
  5049 | D:4      | Found a bloodstained altar of Trog.
  5055 | Temple   | Entered the Ecumenical Temple
  5235 | D:4      | Found a hazy altar of Hepliaklqana.
  5533 | D:4      | Noticed an ogre
  5592 | D:5      | Entered Level 5 of the Dungeon
  5938 | D:5      | Reached XP level 7. HP: 50/55 MP: 7/7
  6987 | D:6      | Reached skill level 5 in Fighting
  6994 | D:6      | Found Zin's Purification Station.
  7306 | D:6      | Found a glowing silver altar of Zin.
  7337 | D:6      | Reached skill level 5 in Maces & Flails
  7337 | D:6      | Reached XP level 8. HP: 62/62 MP: 8/8
  7832 | D:6      | Found a white marble altar of Elyvilon.
  7870 | D:6      | Found a blossoming altar of Fedhas.
  7893 | D:6      | Found a basalt altar of Yredelemnul.
  7947 | D:6      | Reached skill level 5 in Armour
  7947 | D:6      | Reached skill level 5 in Dodging
  8084 | D:6      | HP: 16/63 [poisoned by a water moccasin]
  8087 | D:6      | HP: 6/63 [water moccasin (4)]
  8092 | D:6      | HP: 27/96 [poisoned by a water moccasin]
  8096 | D:6      | HP: 13/64 [poisoned by a water moccasin]
  8369 | D:6      | Upgraded the game from 0.28-a0-691-gad6df49e81 to
                  | 0.28-a0-697-g47f3eba078
  8725 | D:7      | Reached XP level 9. HP: 53/64 MP: 9/9
  9202 | D:7      | Reached skill level 1 in Evocations
  9381 | D:6      | Reached *** piety under Trog
  9418 | D:6      | HP: 21/71 [poisoned by a killer bee]
  9421 | D:6      | HP: 9/71 [poisoned by a killer bee]
  9432 | D:6      | HP: 19/71 [killer bee (5)]
  9460 | D:6      | HP: 17/71 [bullfrog zombie (1)]
 10787 | D:8      | Noticed a death yak
 11069 | D:8      | Noticed a death yak
 11075 | D:8      | Reached XP level 10. HP: 79/79 MP: 10/10
 11101 | D:8      | Noticed Pikel
 11107 | D:8      | Found a staircase to the Lair.
 11107 | D:8      | Noticed a two-headed ogre
 11109 | D:8      | Noticed a death yak
 11110 | D:8      | Noticed a death yak
 11111 | D:8      | Noticed a death yak
 11114 | D:8      | Noticed a death yak
 11114 | D:8      | Noticed a death yak
 11114 | D:8      | Noticed a death yak
 11115 | D:8      | Noticed a death yak
 11115 | D:8      | Noticed a two-headed ogre
 11180 | D:7      | Killed a death yak
 11425 | D:7      | Killed Pikel
 11595 | D:8      | Killed a two-headed ogre
 11685 | D:8      | Killed a death yak
 11686 | D:8      | Reached skill level 5 in Evocations
 12008 | D:8      | Killed a death yak
 12009 | D:8      | Reached XP level 11. HP: 46/87 MP: 11/11
 12028 | D:7      | HP: 16/87 [death yak (13)]
 12028 | D:7      | HP: 6/87 [death yak (10)]
 12030 | D:7      | Slain by a death yak

Illustrated notes

Levels and vault maps discovered:
D:1:      dpeg_arrival_boxes_within_box, layout_basic,
          shapermc_ecumenical_altar_gd
D:2:      layout_basic, chequers_serial_rivers_room_a, minmay_parallelograms,
          uniq_sigmund
D:3:      layout_basic, hangedman_decor_opposing, minmay_strange_pillars,
          chequers_serial_rivers_micro_d, st_stairs_7, minivault_23
D:4:      layout_cave_pools, nicolae_hepliaklqana_hazy_memory,
          overflow_temple_1_default, minmay_temple_entry_junction, uniq_robin,
          uniq_eustachio
D:5:      layout_basic, due_unseen_surprise
D:6:      layout_rooms, fedhas_altar_decomposition, zin_purify,
          lemuel_doored_altar, nicolae_overflow_hidden_temple
D:7:      layout_loops_ring
D:8:      layout_rooms, gammafunk_temple_overflow_statue, dpeg_lair_monsters,
          enter_ossuary_4, uniq_pikel
Temple:   cyrus_temple_forest

Skill      XL: |  1  2  3  4  5  6  7  8  9 10 |
---------------+-------------------------------+-----
Armour         | 3 4 5 6 8 |  8.2
Dodging        | 3 4 5 |  5.6
Fighting       | 4 5 6 7 8 |  8.7
Maces & Flails | 4 5 7 8 |  8.5
Evocations     | 3 5 |  5.0

Action                   |  1- 3 |  4- 6 |  7- 9 | 10-12 || total
-------------------------+-------+-------+-------+-------++-------
Melee: Mace              |   108 |    37 |       |       ||   145
       Flail             |       |    72 |   202 |    23 ||   297
       Falchion          |       |    46 |   116 |       ||   162
       Whip              |       |       |       |    34 ||    34
Invok: Berserk           |     7 |    10 |    20 |     5 ||    42
       Trog's Hand       |       |     4 |     6 |     5 ||    15
  Use: Scroll            |       |     2 |    12 |     2 ||    16
       Potion            |       |       |     4 |       ||     4
 Stab: Sleeping          |     3 |       |       |       ||     3
Armor: Animal skin       |    24 |       |       |       ||    24
       Ring mail         |    14 |   135 |    29 |       ||   178
       Chain mail        |       |       |   218 |    25 ||   243
Dodge: Dodged            |    85 |   219 |   217 |    15 ||   536

Table legend: (Time is in decaauts)
 A = Elapsed time spent in this place.
 B = Non-inter-level travel time spent in this place.
 C = Inter-level travel time spent in this place.
 D = Time resting spent in this place.
 E = Time spent auto-exploring this place.
 F = Levels seen in this place.
 G = Mean time per level.
                   A        B        C        D        E       F      G
               +--------+--------+--------+--------+--------+-----+--------+
         Total |  12519 |  11321 |   1198 |   4863 |   4364 |   9 | 1391.0 |
       Dungeon |  12416 |  11218 |   1198 |   4762 |   4364 |   8 | 1552.0 |
        Temple |    103 |    103 |      0 |    101 |      0 |   1 |  103.0 |
               +--------+--------+--------+--------+--------+-----+--------+

Top non-repeatable levels by time:
     D:6: 2500 daAuts
     D:7: 2210 daAuts
     D:3: 1994 daAuts
     D:1: 1843 daAuts
     D:5: 1648 daAuts
     D:2: 1260 daAuts
     D:4: 606 daAuts
     D:8: 351 daAuts
  Temple: 103 daAuts
